 Dungeon Crawl Stone Soup version 0.30-a0-1161-g0704695555 (webtiles) character file.

Game seed: 1087772642544808126

194 sircluck the Chopper (level 5, -2/47 HPs)
             Began as a Hill Orc Berserker on Apr 27, 2023.
             Was a Believer of Trog.
             Slain by an orc warrior
             ... wielding a +3 flail
              (11 damage)
             ... on level 7 of the Dungeon.
             The game lasted 00:04:38 (3091 turns).

sircluck the Chopper (Hill Orc Berserker)           Turns: 3091, Time: 00:04:39

Health: -2/47      AC: 11    Str: 22    XL:     5   Next: 73%
Magic:  5/5        EV:  9    Int:  7    God:    Trog [**....]
Gold:   173        SH:  0    Dex: 10    Spells: 4/4 levels left

rFire   . . .        a - +0 hand axe
rCold   . . .        (no shield)
rNeg    . . .        o - +0 chain mail
rPois   .            j - +1 hat
rElec   .            t - +0 cloak
rCorr   .            (no gloves)
SInv    .            (no boots)
Will    .....        (no amulet) Stlth
                     (no ring)
HPRegen 0.27/turn    (no ring)
MPRegen 0.09/turn

%: no passive effects
@: no status effects
A: no striking features
a: Renounce Religion, Berserk, Trog's Hand


You were on level 7 of the Dungeon.
You worshipped Trog.
Trog was pleased with you.
You visited 1 branch of the dungeon, and saw 5 of its levels.

You collected 173 gold pieces.

Inventory:

Hand Weapons
 a - a +0 hand axe (weapon)
Missiles
 f - 17 stones (quivered)
 i - 6 poisoned darts
 p - 2 boomerangs
Armour
 b - a +0 animal skin
 j - a +1 hat (worn)
 k - a +0 leather armour
 o - a +0 chain mail (worn)
 t - a +0 cloak (worn)
Jewellery
 y - a ring of willpower
Wands
 x - a wand of iceblast (8)
Scrolls
 c - a scroll of vulnerability {unknown}
 g - 3 scrolls of identify {unknown}
 m - 2 scrolls of noise {unknown}
 n - 4 scrolls of teleportation {unknown}
 q - a scroll of amnesia {unknown}
 r - a scroll of fear {unknown}
 u - a scroll of blinking {unknown}
 w - a scroll of fog {unknown}
Potions
 d - 2 potions of haste {unknown}
 e - a potion of curing {unknown}
 l - a potion of attraction {unknown}
 s - a potion of cancellation {unknown}
 v - a potion of might {unknown}


   Skills:
 + Level 4.8 Fighting
 + Level 6.2 Axes
 + Level 3.1 Armour
 + Level 2.2 Dodging
 + Level 0.6 Stealth


You had 4 spell levels left.
You didn't know any spells.
Your spell library was empty.

Dungeon Overview and Level Annotations

Branches:
Dungeon (7/15)
 Temple: D:4-7

Altars:

Shops:
D:1 *


Message History

Something hits you but does no damage. x2
You slash something! You hit something. The white imp gestures at you.
The puff of frost hits something!
Reactivating autopickup.
You feel a bit more experienced.
A sky beast appears from thin air!
The sky beast hits you but does no damage.
Your Axes skill increases to level 6!
You hit the sky beast.
The sky beast is almost dead.
You barely miss the orc warrior. The orc warrior barely misses you.
The sky beast hits you. The sky beast shocks you.
* * * LOW HITPOINT WARNING * * *
It was a potion of heal wounds.
You feel much better. The sky beast hits you. The sky beast shocks you.
The orc warrior hits you with a +3 flail.
You closely miss the sky beast.
The sky beast is almost dead.
You closely miss the orc warrior.
The orc warrior hits you with a +3 flail.
* * * LOW HITPOINT WARNING * * *
The sky beast barely misses you.
You closely miss the sky beast.
The sky beast is almost dead.
You hit the orc warrior but do no damage.
The sky beast hits you but does no damage.
The orc warrior hits you with a +3 flail!
* * * LOW HITPOINT WARNING * * *
You feel much better.
The orc warrior hits you with a +3 flail.
The sky beast flickers out of sight!
Deactivating autopickup; reactivate with Ctrl-A.
Something hits you but does no damage.
You miss something. You closely miss the orc warrior.
A sky beast appears from thin air!
Reactivating autopickup.
The sky beast hits you. The sky beast shocks you.
* * * LOW HITPOINT WARNING * * *
The orc warrior hits you with a +3 flail!
You die...

###**# *** #.##.#
*,********* #...,#
*,,,,,,,,,* ########.##.#
*,*******,* #...........#
*,*,,,,,*,* #.######'####
*,*,***,*,* #.#
#....######.#,* *,*,* #.#
#....ooY@o5.#+***,*,* #.#
#....#####......,,*,*
####.# #....#
*,.....,,*,*
.....####....#
*,,....,,*,*
...#...##....#**
*,,,...,,*,*
....##..+....+,*
*,,,<..,,*,*
....#*###....#,*
*,,,,,.,**,***** ....##
#....#,* ****,,,,,,,**,,,
.....#
#....#+******,,*******,,,


You could see an orc warrior, a sky beast, a white imp and 2 orcs.

Vanquished Creatures
  A howler monkey (D:7)
  An iguana (D:5)
  4 gnolls (D:2)
  An adder (D:2)
  3 worms
  A dart slug (D:1)
  2 orcs
  5 ball pythons
  4 bats
  4 endoplasms
  3 giant cockroaches
  5 goblins
  7 hobgoblins (D:1)
  6 kobolds
  3 frilled lizards
  5 rats
55 creatures vanquished.

Vanquished Creatures (others)
  An orc wizard (D:7)
1 creature vanquished.

Grand Total: 56 creatures vanquished

Notes
Turn   | Place    | Note
-------+----------+-------------------------------------------
     0 | D:1      | sircluck the Hill Orc Berserker began the quest for the
                  | Orb.
     0 | D:1      | Reached XP level 1. HP: 19/19 MP: 1/1
    86 | D:1      | Reached XP level 2. HP: 25/27 MP: 2/2
   227 | D:1      | Found a faded altar of an unknown god.
   282 | D:1      | Found Zaucepla's General Store.
   457 | D:1      | Reached XP level 3. HP: 33/33 MP: 3/3
  1339 | D:2      | Reached ** piety under Trog
  1438 | D:2      | Reached skill level 5 in Axes
  1438 | D:2      | Reached XP level 4. HP: 28/41 MP: 4/4
  1776 | D:2      | Identified the +1 mace of Equilibrium {pain, rF- rC++}
  2888 | D:3      | You fall into a shaft and drop 2 floors!
  2888 | D:5      | Entered Level 5 of the Dungeon
  2912 | D:5      | Reached XP level 5. HP: 26/47 MP: 5/5
  2999 | D:5      | You fall into a shaft and drop 2 floors!
  3049 | D:7      | Noticed an orc warrior
  3058 | D:7      | Noticed a sky beast
  3086 | D:7      | Reached skill level 6 in Axes
  3091 | D:7      | Slain by an orc warrior

Illustrated notes

Levels and vault maps discovered:
D:1:      erik_arrival_cave_to_civilisation [erik_arrival_cave_to_hall],
          layout_basic, chequers_ecumenical_altar_simple_redux, serial_shops,
          nicolae_shop_temple_entry_statues_fountains
D:2:      layout_basic, hangedman_abyss_or_decor_lesser_grid
D:3:      layout_basic, uniq_jessica, uniq_terence
D:5:      layout_gridville, serial_glass, glass_columns_b, glass_columns_b,
          glass_columns_a, glass_columns_a, due_unseen_surprise,
          item_on_display_a, nicolae_ossuary_entry_catacombs,
          nicolae_ea-nasir_strikes_again
D:7:      layout_basic

Skill      XL: |  1  2  3  4  5 |
---------------+----------------+-----
Fighting       | 4 |  4.8
Dodging        | 2 |  2.2
Axes           | 5 6 |  6.2
Armour         | 3 |  3.1
Stealth        | |  0.6

Action                     |  1- 3 |  4- 6 || total
---------------------------+-------+-------++-------
  Melee: Hand axe          |   101 |   113 ||   214
  Throw: Stone             |     5 |     4 ||     9
    Use: Scroll            |     1 |     1 ||     2
         Potion            |       |     2 ||     2
 Armour: Animal skin       |    13 |       ||    13
         Leather armour    |     9 |       ||     9
         Chain mail        |     7 |    59 ||    66
  Dodge: Dodged            |    50 |    45 ||    95

Table legend: (Time is in decaauts)
 A = Elapsed time spent in this place.
 B = Non-inter-level travel time spent in this place.
 C = Inter-level travel time spent in this place.
 D = Time resting spent in this place.
 E = Time spent auto-exploring this place.
 F = Levels seen in this place.
 G = Mean time per level.
                   A        B        C        D        E       F      G
               +--------+--------+--------+--------+--------+-----+--------+
         Total |   3101 |   2835 |    266 |    381 |   1772 |   5 |  620.2 |
       Dungeon |   3101 |   2835 |    266 |    381 |   1772 |   5 |  620.2 |
               +--------+--------+--------+--------+--------+-----+--------+

Top non-repeatable levels by time:
     D:2: 1310 daAuts
     D:1: 1302 daAuts
     D:3: 286 daAuts
     D:5: 110 daAuts
     D:7: 91 daAuts
